AoeStats
← BigOleChunguss

Arena

510198121Analyzed
2v2 RM · 1d ago on Sep 29, 2026· 44m 35s· 4 players
Game mode
Random Map
Map size
Medium (4 player)
Population
200
Speed
Normal
Resources
Standard
Victory
Conquest
Starting age
Dark Age
Ending age
Imperial Age
RankedLock teamsTeams togetherTeam positionsShared explorationLock speedFull tech treeHidden civsTurbo modeCheats
Victory
Defeat
🇺🇸 Cumans · United States
1087
+15
🇦🇷 Britons · Argentina
974
+20
🇺🇸 Celts · United States
1081
-18
🇺🇸 Dravidians · United States
1046
-17
joseloren29
11:31 Feudal Age
15:32 Castle Age
13:24 Double-Bit Axe
13:45 Horse Collar
17:21 Bow Saw
17:14 Heavy Plow
17:06 Loom
23:49 Wheelbarrow
23:00 Town Watch
27:28 Hand Cart
39:14 Fletching
41:08 Bodkin Arrow
BigOleChunguss
10:55 Feudal Age
12:29 Wheelbarrow
16:17 Castle Age
14:48 Double-Bit Axe
14:57 Gold Mining
22:41 Loom
cjblikstad
1:23 Loom
10:18 Feudal Age
11:57 Wheelbarrow
11:37 Man-at-Arms
12:51 Forging
12:41 Scale Mail Armor
15:21 Scale Mail Armor
20:54 Horse Collar
21:02 Double-Bit Axe
22:12 Town Watch
27:26 Castle Age
26:06 Gold Mining
26:11 Fletching
28:34 Hand Cart
28:21 Heavy Plow
28:59 Iron Casting
27:47 Pikeman
28:23 Capped Ram
35:45 Imperial Age
33:45 Stone Mining
34:19 Fervor
35:53 Scale Barding Armor
36:04 Chain Mail Armor
35:47 Bodkin Arrow
39:57 Blast Furnace
39:18 Chain Barding Armor
40:38 Ballistics
41:19 Chemistry
40:15 Murder Holes
40:31 Masonry
39:49 Elite Steppe Lancer
40:41 Bloodlines
39:54 Light Cavalry
41:03 Siege Ram
42:17 Steppe Husbandry
Carozzoo
10:41 Feudal Age
11:28 Double-Bit Axe
11:25 Horse Collar
11:36 Gold Mining
12:26 Wheelbarrow
21:32 Fletching
21:42 Padded Archer Armor
25:17 Castle Age
23:14 Stone Mining
26:16 Bow Saw
26:06 Heavy Plow
25:29 Elite Skirmisher
26:52 Crossbowman
27:50 Leather Archer Armor
30:17 Bodkin Arrow
30:40 Scale Mail Armor
31:00 Pikeman
33:36 Hand Cart
33:35 Loom
39:33 Imperial Age
37:23 Forging
37:28 Chain Mail Armor
40:09 Gold Shaft Mining
40:07 Ballistics
40:03 Light Cavalry
41:56 Capped Ram
44:01 Bracer
44:31 Ring Archer Armor
45:04 Chemistry
Connection lost

Rejoining the realm…

Still unreachable

The connection could not be restored.

Session expired

The server has moved on; the page needs a fresh start.